AoeStats
← AiM | UrikO14

Nomad

510095162Analyzed
2v2 RM · 4d ago on Sep 29, 2026· 65m 22s· 4 players
Game mode
Random Map
Map size
176×176
Population
200
Speed
Normal
Resources
Standard
Victory
Conquest
Starting age
Dark Age
Ending age
Imperial Age
RankedLock teamsTeams togetherTeam positionsShared explorationLock speedFull tech treeHidden civsTurbo modeCheats
Victory
Defeat
🇲🇾 Tatars · Malaysia
1550
+10
🇱🇰 Aztecs · Sri Lanka
1549
+10
🇩🇪 Bulgarians · Germany
1458
-12
🇨🇱 Celts · Chile
1356
-8
aswjegk
12:46 Feudal Age
14:07 Double-Bit Axe
15:57 Fletching
18:04 Loom
25:31 Castle Age
26:23 Bodkin Arrow
29:16 Horse Collar
37:07 Heavy Plow
39:48 Bow Saw
43:33 Imperial Age
41:33 Scale Barding Armor
41:55 Forging
42:43 Chain Barding Armor
43:31 Wheelbarrow
42:45 Town Watch
43:56 Iron Casting
43:23 Stirrups
43:59 Town Patrol
43:56 Gold Mining
43:57 Stone Mining
44:39 Conscription
44:58 Plate Barding Armor
45:24 Blast Furnace
44:34 Elite Konnik
46:17 Scale Mail Armor
46:17 Padded Archer Armor
47:52 Gold Shaft Mining
51:03 Bracer
51:19 Chain Mail Armor
53:42 Plate Mail Armor
55:47 Husbandry
56:24 Bloodlines
56:08 Elite Skirmisher
56:54 Thumb Ring
58:05 Leather Archer Armor
57:44 Light Cavalry
59:12 Masonry
59:16 Bagains
59:37 Hand Cart
59:32 Gambesons
59:48 Squires
59:33 Arson
AiM | UrikO14
5:04 Loom
14:35 Feudal Age
17:03 Fishing Lines
19:52 Castle Age
18:30 Fletching
19:52 Double-Bit Axe
20:44 Medium Warships
20:37 Town Watch
31:44 Scale Mail Armor
32:17 Ballistics
35:26 Chain Mail Armor
35:29 Forging
40:02 Horse Collar
40:33 Bow Saw
41:04 Wheelbarrow
40:23 Gillnets
55:51 Imperial Age
53:47 Hand Cart
57:35 Chemistry
56:09 Heavy Scorpion
61:39 Pikeman
62:40 Furor Celtica
64:03 Plate Mail Armor
62:59 Halberdier
64:19 Conscription
dbs00
5:30 Loom
13:07 Feudal Age
17:22 Castle Age
32:37 Double-Bit Axe
42:15 Imperial Age
40:53 Scale Mail Armor
40:34 Horse Collar
41:31 Wheelbarrow
41:49 Squires
42:05 Chain Mail Armor
43:33 Plate Mail Armor
43:19 Arson
43:46 Forging
44:35 Conscription
46:33 Iron Casting
50:10 Hand Cart
53:23 Elite Jaguar Warrior
54:32 Garland Wars
58:43 Blast Furnace
58:11 Onager
62:47 Gold Mining
63:35 Garland Wars
64:27 Siege Engineers
Brotus
4:36 Loom
14:17 Feudal Age
15:27 Double-Bit Axe
18:04 Castle Age
16:20 Fletching
19:08 Medium Warships
19:04 Bodkin Arrow
19:35 Bow Saw
19:32 Town Watch
19:34 Fishing Lines
24:43 Ballistics
27:44 Wheelbarrow
28:36 Padded Archer Armor
28:18 Horse Collar
28:31 Gold Mining
30:39 Gold Shaft Mining
30:44 Hand Cart
31:05 Stone Mining
31:39 Heavy Plow
33:27 Bloodlines
33:31 Husbandry
38:31 Imperial Age
38:39 Imperial Age
37:02 Scale Barding Armor
37:19 Forging
38:53 Husbandry
40:12 Bracer
41:14 Crop Rotation
41:36 Chain Barding Armor
41:31 Masonry
42:43 Chemistry
43:03 Plate Barding Armor
44:10 Leather Archer Armor
43:39 Treadmill Crane
45:07 Elite Steppe Lancer
46:27 Silk Armor
46:48 Conscription
46:23 Heavy Cavalry Archer
51:38 Ring Archer Armor
52:01 Light Cavalry
54:25 Hussar
64:48 Coinage
Connection lost

Rejoining the realm…

Still unreachable

The connection could not be restored.

Session expired

The server has moved on; the page needs a fresh start.